 Dungeon Crawl Stone Soup version 0.28.0 (webtiles) character file.

Game seed: 17791324786186471971

147 Jango00 the Skirmisher (level 5, -4/42 HPs)
             Began as a Demonspawn Berserker on Feb 10, 2022.
             Was a Believer of Trog.
             Slain by an orc warrior (6 damage)
             ... on level 4 of the Dungeon.
             The game lasted 00:22:55 (3036 turns).

Jango00 the Skirmisher (Demonspawn Berserker)       Turns: 3036, Time: 00:22:55

Health: -4/42      AC:  7    Str: 20    XL:     5   Next: 8%
Magic:  5/5        EV: 10    Int:  8    God:    Trog [**....]
Gold:   75         SH:  0    Dex: 12    Spells: 4/4 levels left

rFire   . . .      SeeInvis .   i - +2 dagger (drain)
rCold   . . .      Faith    .   (no shield)
rNeg    . . .      Spirit   .   c - +0 scale mail
rPois   .          Reflect  .   u - +0 helmet
rElec   .          Harm     .   (no cloak)
rCorr   .          Rampage  .   (no gloves)
Will    .....                   (no boots)
Stlth   ..........              (no amulet)
HPRegen 0.14/turn               (no ring)
MPRegen 0.09/turn               (no ring)

@: on berserk cooldown, slowed, very slow
A: ignite blood 1, demonic touch 2
a: Renounce Religion, Berserk, Trog's Hand


You were on level 4 of the Dungeon.
You worshipped Trog.
Trog was pleased with you.
You visited 1 branch of the dungeon, and saw 4 of its levels.

You collected 75 gold pieces.

Inventory:

Hand Weapons
 a - a +0 hand axe
 g - a +0 flail
 i - a +2 dagger of draining (weapon)
 o - a +0 hunting sling
Missiles
 k - 2 curare-tipped darts (quivered)
 q - 23 stones
Armour
 b - a +0 animal skin
 c - a +0 scale mail (worn)
 d - a +0 leather armour
 u - a +0 helmet (worn)
 v - the +2 leather armour of Wasted Space {Int+3}
   (You found it on level 3 of the Dungeon)

   Int:       It affects your intelligence (+3).
Wands
 l - a wand of paralysis (4)
Scrolls
 e - 3 scrolls of identify {unknown}
 m - a scroll of vulnerability {unknown}
 p - 2 scrolls of teleportation
 s - a scroll of brand weapon {unknown}
 t - 2 scrolls of fear {unknown}
 w - a scroll of torment {unknown}
Potions
 f - a potion of resistance {unknown}
 h - 2 potions of haste {unknown}
 j - a potion of berserk rage {unknown}
 n - 2 potions of curing {unknown}
 r - a potion of might {unknown}


   Skills:
 + Level 4.1 Fighting
 + Level 0.6 Short Blades
 + Level 3.2(3.3) Axes
 + Level 0.5(2.1) Maces & Flails
 + Level 0.5 Throwing
 + Level 2.8 Armour
 + Level 2.2 Dodging


You had 4 spell levels left.
You didn't know any spells.
Your spell library contained the following spells:

 Spells                   Type           Power      Damage    Failure   Level
 Corpse Rot               Necr/Air       0%         N/A       88%         2
 Poisonous Vapours        Pois/Air       0%         N/A       88%         2
 Iskenderun's Battlesphe  Conj           0%         2d6       100%        5
 Iron Shot                Conj/Erth      0%         9d1       100%        6
 Spellforged Servitor     Conj/Summ      0%         N/A       100%        7


Dungeon Overview and Level Annotations

Branches:
Dungeon (4/15)
 Temple: D:4-7

Altars:
Vehumet
Wu Jian


Innate Abilities, Weirdness & Mutations

Your demonic aura sometimes causes spilled blood to erupt in flames.
Your touch may inflict irresistible damage on your foes.


Message History

You completely miss the orc warrior.
The orc warrior is moderately wounded.
The orc warrior hits you with a +0 mace.
The orc wizard hits you but does no damage.
You barely miss the orc warrior.
The orc warrior is moderately wounded.
The orc warrior hits you with a +0 mace.
The orc wizard casts a spell at you.
The magic dart hits you but does no damage.
The orc warrior hits you with a +0 mace.
The orc wizard casts a spell.
The orc wizard flickers and vanishes!
Deactivating autopickup; reactivate with Ctrl-A.
The orc warrior hits you but does no damage.
Things that are here:
a +0 short sword; an orc corpse
There is a broken door here.
You hear some strange, mumbled words.
You are confused.
There are monsters nearby!
There are monsters nearby!
You bump into the rock wall.
You bump into the rock wall.
Something hits you but does no damage.
The orc warrior hits you with a +0 mace!
Something hits you.
* * * LOW HITPOINT WARNING * * *
The orc warrior hits you but does no damage.
You bump into the rock wall.
Something hits you but does no damage.
The orc warrior hits you with a +0 mace.
* * * LOW HITPOINT WARNING * * *
Something hits you.
* * * LOW HITPOINT WARNING * * *
The orc warrior hits you with a +0 mace.
* * * LOW HITPOINT WARNING * * *
You feel less confused. Something hits you but does no damage.
Something hits you.
* * * LOW HITPOINT WARNING * * *
The orc warrior hits you with a +0 mace.
You die...

#.......#
#.......#
###.#####
#.# #.#
#####'##
#.o....##
#'#.o...##
##)##oo@..##
#ooo#......#
#8o8#......+
#o..#......#
##'####...##
... #..##
..... ####
.....
.......


You could see an orc warrior (drained) and 3 orcs.

Vanquished Creatures
  An orc wizard (D:4)
  A hound skeleton (D:3)
  A gnoll (D:1)
  3 adders
  A worm (D:3)
  2 dart slugs
  7 orcs
  3 ball pythons
  7 endoplasms
  A giant cockroach (D:2)
  5 hobgoblins
  3 jackals (D:2)
  6 kobolds
  6 quokkas
  3 bats
  3 frilled lizards (D:1)
  5 goblins
  6 rats
64 creatures vanquished.

Notes
Turn   | Place    | Note
-------+----------+-------------------------------------------
     0 | D:1      | Jango00 the Demonspawn Berserker began the quest for the
                  | Orb.
     0 | D:1      | Reached XP level 1. HP: 18/18 MP: 1/1
   534 | D:1      | Gained mutation: Your touch may inflict minor irresistible
                  | damage on your foes. [demonic ancestry]
   534 | D:1      | Reached XP level 2. HP: 24/24 MP: 2/2
   919 | D:1      | Gained mutation: Your demonic aura sometimes causes spilled
                  | blood to erupt in flames. [demonic ancestry]
   919 | D:1      | Reached XP level 3. HP: 18/26 MP: 3/3
  2062 | D:2      | Found a radiant altar of Vehumet.
  2073 | D:2      | Reached ** piety under Trog
  2075 | D:2      | Reached XP level 4. HP: 22/36 MP: 4/4
  2641 | D:3      | Found an ornate altar of the Wu Jian Council.
  2829 | D:3      | Identified the +2 leather armour of Wasted Space {Int+3}
  3012 | D:4      | Noticed an orc warrior
  3016 | D:4      | Reached skill level 4 in Fighting
  3016 | D:4      | Gained mutation: Your touch may inflict irresistible damage
                  | on your foes. [demonic ancestry]
  3016 | D:4      | Reached XP level 5. HP: 42/42 MP: 5/5
  3018 | D:4      | Found the +1 Delatra's gloves {ID++}
  3036 | D:4      | HP: 2/42 [something (1)]
  3036 | D:4      | Slain by an orc warrior

Illustrated notes

Levels and vault maps discovered:
D:1:      sevenhm_arrival_forest_fort_large_2, layout_rooms
D:2:      layout_rooms, basic_altar, eino_curves_03
D:3:      layout_loops_ring, overflow_temple_1_default
D:4:      layout_loops_corners, minmay_temple_entry_crystal_x, serial_shops,
          shop, pf_guarded_unrand_delatra

Skill      XL: |  1  2  3  4 |
---------------+-------------+-----
Armour         | 2 |  2.8
Axes           | 3 |  3.2
Dodging        | 2 |  2.2
Fighting       | 4 |  4.1
Short Blades   | |  0.6
Maces & Flails | |  0.5
Throwing       | |  0.5

Action                   |  1- 3 |  4- 6 || total
-------------------------+-------+-------++-------
Melee: Hand axe          |    31 |       ||    31
       Flail             |    23 |       ||    23
       Touch             |     7 |     7 ||    14
       Dagger            |    33 |    54 ||    87
       Punch             |       |     1 ||     1
 Fire: Hunting sling     |       |    11 ||    11
Throw: Dart              |       |    10 ||    10
Invok: Berserk           |     3 |     1 ||     4
  Use: Scroll            |     1 |       ||     1
Armor: Scale mail        |    40 |    27 ||    67
Dodge: Dodged            |    64 |    28 ||    92
